 Dungeon Crawl Stone Soup version 0.22.1-2-g9c5b331 (webtiles) character file.

129 dvd the Chopper (level 4, -2/38 HPs)
             Began as a Minotaur Gladiator on Nov 18, 2018.
             Was an Initiate of the Shining One.
             Slain by Edmund
             ... wielding a +1 flail of crushing
              (4 damage)
             ... on level 4 of the Dungeon.
             The game lasted 00:03:32 (2363 turns).

dvd the Chopper (Minotaur Gladiator)                Turns: 2363, Time: 00:03:33

Health: -2/38      AC:  5    Str: 19    XL:     4   Next: 88%
Magic:  3/3        EV: 12    Int:  5    God:    the Shining One [......]
Gold:   172        SH:  0    Dex: 12    Spells: 3/3 levels left

rFire    . . .     SeeInvis .   a - +0 war axe
rCold    . . .     Gourm    .   (no shield)
rNeg     . . .     Faith    .   i - +0 ring mail
rPois    +         Spirit   .   c - +0 hat
rElec    .         Reflect  .   (no cloak)
rCorr    +         Harm     .   (no gloves)
MR       .....                  (no boots)
Stlth    +.........             (no amulet)
HPRegen  0.12/turn              g - ring of resist corrosion
MPRegen  0.08/turn              p - ring of poison resistance

@: lethally poisoned (-2 -> -6), glowing
A: retaliatory headbutt, horns 2
a: Renounce Religion


You were on level 4 of the Dungeon.
You worshipped the Shining One.
The Shining One was noncommittal.
You were hungry.

You visited 1 branch of the dungeon, and saw 4 of its levels.

You collected 172 gold pieces.

Inventory:

Hand Weapons
 a - a +0 war axe (weapon)
Missiles
 d - 3 throwing nets (quivered)
 e - 7 tomahawks
Armour
 b - a +0 leather armour
 c - a +0 hat (worn)
 i - a +0 ring mail (worn)
Jewellery
 g - a ring of resist corrosion (left hand)
 p - a ring of poison resistance (right hand)
Scrolls
 k - a scroll of magic mapping {unknown}
 l - 3 scrolls of identify
 r - 4 scrolls of remove curse
 s - a scroll of fear
 t - a scroll of teleportation {unknown}
Potions
 h - a potion of berserk rage {unknown}
 j - a potion of heal wounds {unknown}
 m - a potion of ambrosia
 n - a potion of curing {unknown}
 o - a potion of experience {unknown}
 q - a potion of mutation {unknown}
 u - a potion of resistance {unknown}
 v - a potion of brilliance {unknown}
Comestibles
 f - 8 rations


   Skills:
 + Level 3.3 Fighting
 + Level 4.9 Axes
 + Level 2.4 Throwing
 + Level 2.1 Armour
 + Level 4.0 Dodging


You had 3 spell levels left.
You didn't know any spells.
Your spell library was empty.

Dungeon Overview and Level Annotations

Branches:
Dungeon (4/15)
 Temple: D:4-7

Altars:
Ru
Wu Jian
The Shining One

Annotations:
D:4 Edmund


Innate Abilities, Weirdness & Mutations

You reflexively headbutt those who attack you in melee.
You have a pair of horns on your head.


Message History

The worker ant bites you but does no damage.
The worker ant bites you.
You hit the worker ant.
You kill the worker ant!
The adder bites you.
You slash the adder!
You kill the adder!
Your Armour skill increases to level 2!
You feel sick.
Edmund hits you with a flail of crushing.
You completely miss Edmund.
You feel sick. Edmund hits you but does no damage.
You hit Edmund but do no damage. You headbutt Edmund.
Edmund is lightly wounded.
You feel sick.
Edmund hits you with a flail of crushing.
* * * LOW HITPOINT WARNING * * *
x2 You hit Edmund.
Edmund is lightly wounded.
Edmund hits you with a flail of crushing.
You die...

#..........#
........##
##.#########
..........# #..#
..........######.##
...............#.#
.........####...####
. ...... ###......#
#...#.#.####...#....#
.........@@..####...#
.........##### #..#
.........# #.#
.......### ..#
....... .. .......
....... ......$


You could see Edmund.

Vanquished Creatures
  A worker ant (D:4)
  4 adders
  2 worms (D:3)
  4 dart slugs
  A leopard gecko (D:1)
  An orc (D:3)
  6 bats
  2 giant cockroaches (D:1)
  7 goblins
  6 hobgoblins
  4 jackals (D:2)
  7 kobolds
  2 ball pythons
  3 frilled lizards
  4 rats
54 creatures vanquished.

Notes
Turn   | Place    | Note
-------+----------+-------------------------------------------
     0 | D:1      | dvd the Minotaur Gladiator began the quest for the Orb.
     0 | D:1      | Reached XP level 1. HP: 18/18 MP: 0/0
   136 | D:1      | Reached XP level 2. HP: 22/25 MP: 1/1
   744 | D:2      | Reached XP level 3. HP: 30/30 MP: 2/2
  1281 | D:2      | Reached skill level 1 in Armour
  1643 | D:3      | Reached XP level 4. HP: 38/38 MP: 3/3
  1785 | D:3      | Found a glowing golden altar of the Shining One.
  1830 | D:3      | Became a worshipper of the Shining One
  2048 | D:3      | Found a sacrificial altar of Ru.
  2052 | D:3      | Found an ornate altar of the Wu Jian Council.
  2352 | D:4      | Noticed Edmund
  2363 | D:4      | Slain by Edmund

Skill      XL: |  1  2  3  4 |
---------------+-------------+-----
Axes           | 4 |  4.9
Fighting       | 3 |  3.3
Armour         | 1 2 |  2.1
Dodging        | 4 |  4.0
Throwing       | |  2.4

Action                   |  1- 3 |  4- 6 || total
-------------------------+-------+-------++-------
Melee: War axe           |    41 |    26 ||    67
       Headbutt          |    17 |     6 ||    23
       Whip              |    25 |       ||    25
  Use: Scroll            |     4 |       ||     4
  Eat: Chunk             |     2 |     2 ||     4
Armor: Ring mail         |    16 |     8 ||    24
Dodge: Dodged            |    47 |    16 ||    63
